Unix xNetHack Version 7.1.0 - last build Dec 11 2022 15:18:36 (91bc4d2507b4b34ac92889b06d50a936f6bde808). Game began 2022-07-26 14:04:06, ended 2023-05-30 06:09:33. Raisse, neutral female gnomish Wizard ------ ------- |^...0| |0..*.| |.---.| ------- ------- |%|%|)| |.|.|.| |.....|-----------------------------------------------|.....| |.|%|%| |.|.|.| |.4...-...............................................-%....| |--%|%| |...|^|}-----------------------------|-------------------------------}|%%.00| |--.|.|}}}}}}|....%.))%-%~%%%%%|...........| +........|}}}}}}.....-- |...|.......}|....[..|[|%%%%.%%|.....0.....| |........|}..........^| |.-----.....}|--------|--------|...0.0.....|----------|........|}...........| |^|...|......G^. .^.........-(..........-.....)[.).-)...[..)............*| |.---.|.....}|--------|--------|...0000....|----------|........|}....(......| |.....|.....}|)))))))|%|*******|.....)...)[|..........|........|}......*....| |----.|}}}}}}|)))))))-%%*******|...)..0....)..........|........|}}}}}}---%|.| |.%)..|}-----------------------------|-------------------------------}|.<.|.| |.----| |..2..-.......................)%...........%..........-(....| |[---.| |^|...| |..?..|-----------------------------------------------|)....| |.....| |.|.|.| ------- ------- -----.| |...|.| .0| ------- Raisse the Sorceress St:18/31 Dx:19 Co:18 In:19 Wi:17 Ch:15 Neutral Dlvl:27 $:0 HP:211(211) Pw:226(226) AC:-32 Xp:20/119977 T:40658 Latest messages: Really save? [yn] (n) y Saving... Restoring save file... Hello Raisse, the gnomish Wizard, welcome back to xNetHack! E - the blessed +6 Magicbane (weapon in hand) {10}. You have no secondary weapon readied. Really save? [yn] (n) y Saving... Restoring save file... Hello Raisse, the gnomish Wizard, welcome back to xNetHack! Be careful! New moon tonight. Really save? [yn] (n) y Saving... Restoring save file... Hello Raisse, the gnomish Wizard, welcome back to xNetHack! What do you want to use or apply? [bnpquz or ?*] z Do what with your bag of holding? [:oibrs q] (q) o What do you want to use or apply? [bnpquz or ?*] z Do what with your bag of holding? [:oibrs q] (q) q Really save? [yn] (n) y Saving... Restoring save file... Hello Raisse, the gnomish Wizard, welcome back to xNetHack! Really save? [yn] (n) y Saving... Restoring save file... Hello Raisse, the gnomish Wizard, welcome back to xNetHack! You are empty handed. E - the blessed +6 Magicbane (alternate weapon; not wielded) {10}. Really save? [yn] (n) y Saving... Restoring save file... Hello Raisse, the gnomish Wizard, welcome back to xNetHack! E - the blessed +6 Magicbane (weapon in hand) {10}. You have no secondary weapon readied. Really save? [yn] (n) y Saving... Restoring save file... Hello Raisse, the gnomish Wizard, welcome back to xNetHack! Really save? [yn] (n) y Saving... Restoring save file... Hello Raisse, the gnomish Wizard, welcome back to xNetHack! Really save? [yn] (n) y Saving... Restoring save file... Hello Raisse, the gnomish Wizard, welcome back to xNetHack! Really quit? (This will end your game permanently!) (yes) [no] yes Do you want your possessions identified? [ynq] (y) y Do you want to see your attributes? [ynq] (y) q Major events: Turn 1: Raisse the neutral female gnomish Wizard entered the dungeon 689: attained the rank of Conjurer (level 3) 1491: entered the Gnomish Mines 2059: reached Mine Town 2856: attained the rank of Thaumaturge (level 6) 4932: bestowed with Magicbane by Thoth 8276: entered Sokoban 8845: completed sokoban 1 10140: completed sokoban 2 10929: completed sokoban 3 12361: completed sokoban 4 12961: acquired the Sokoban amulet of reflection 13165: made her first wish - "blessed greased fireproof bag of holding" 15189: attained the rank of Magician (level 10) 15383: destroyed the invisible nmlkj's ghost, the former Thaumaturge 17929: acquired the Mines' End luckstone 19980: destroyed SamG's ghost, the former Exhumer 23374: entered the Bigroom 25530: attained the rank of Enchantress (level 14) 25889: killed the invisible Anaraxis the Black 25889: found the Eye of the Aethiopica carried by a monster 25893: acquired the Bell of Opening 31873: killed Croesus 32489: attained the rank of Sorceress (level 18) 34892: killed Medusa 39081: entered Gehennom 40658: quit Inventory: Inventory: 972/975 weight (20/52 slots) Amulets I - the blessed Eye of the Aethiopica {20} M - an uncursed silver amulet of reflection (being worn) {25} Weapons E - the blessed +6 Magicbane (weapon in hand) {10} Armor A - a blessed gray-scaled +0 mithril elven ring mail (being worn) {88} B - a blessed fireproof +4 pair of plastic water walking boots (being worn) {15} C - a blessed fireproof +5 leather cloak of protection (being worn) {12} G - a blessed fireproof +4 pair of plastic gauntlets of dexterity (being worn) {10} H - an uncursed rustproof +1 dwarvish helm (being worn) {30} S - an uncursed +0 mithril elven shield (being worn) {50} Comestibles l - an uncursed lichen corpse {20} L - an uncursed lizard corpse named the Lizard of Yendor {10} Scrolls k - an uncursed scroll of confuse monster {5} o - an uncursed scroll of create monster {5} Rings r - an uncursed +2 ring of increase damage (on right hand) {1} Wands p - an uncursed wand of light (0:15) {7} Tools b - an uncursed blindfold {2} n - an uncursed stethoscope {4} q - an uncursed wooden lock pick {1} u - an uncursed +0 unicorn horn {20} z - a blessed greased bag of holding containing 119 items {637} Contents of the bag of holding: 1686 gold pieces an uncursed copper amulet of flying 7 uncursed +0 daggers 2 uncursed +0 mithril elven daggers an uncursed +0 silver elven dagger an uncursed apple an uncursed C-ration an uncursed candy bar labeled "Fruity Oaty" 2 uncursed carrots an uncursed clove of garlic 5 uncursed food rations 11 uncursed lumps of royal jelly 2 uncursed meat sticks an uncursed sprig of wolfsbane 5 uncursed tripe rations an uncursed homemade tin of troll meat an uncursed tin of chameleon meat 2 uncursed lichen corpses 4 uncursed lizard corpses an uncursed scroll of amnesia 6 uncursed scrolls of blank paper 4 cursed scrolls of blank paper an uncursed scroll of charging 3 blessed scrolls of confuse monster a blessed scroll of create monster 6 uncursed scrolls of create monster a cursed scroll of create monster 3 uncursed scrolls of destroy armor 4 uncursed scrolls of earth a cursed scroll of earth an uncursed scroll of enchant armor 2 uncursed scrolls of enchant weapon a blessed scroll of fire 2 uncursed scrolls of fire a cursed scroll of genocide 2 blessed scrolls of identify an uncursed scroll of identify a cursed scroll of light an uncursed scroll of magic mapping a blessed scroll of remove curse 4 uncursed scrolls of remove curse an uncursed scroll of scare monster 2 uncursed scrolls of stinking cloud an uncursed scroll of taming 3 blessed scrolls of teleportation 2 uncursed scrolls of teleportation 12 uncursed scrolls of teleportation 5 cursed scrolls of teleportation a blessed scroll of water 2 uncursed scrolls of water a blessed potion of booze an uncursed potion of booze 3 uncursed potions of enlightenment a blessed potion of extra healing an uncursed potion of extra healing an uncursed diluted potion of extra healing 2 uncursed potions of fruit juice 2 uncursed potions of full healing a cursed potion of full healing an uncursed potion of gain energy an uncursed potion of hallucination 3 uncursed potions of levitation 3 uncursed potions of monster detection 7 uncursed potions of object detection an uncursed potion of oil 2 uncursed potions of paralysis a cursed potion of paralysis 2 blessed potions of restore ability a blessed potion of sleeping an uncursed potion of sleeping 2 uncursed potions of speed 12 potions of holy water 5 uncursed potions of water 4 potions of unholy water an uncursed ring of cold resistance an uncursed ring of fire resistance an uncursed ring of free action a blessed +1 ring of increase damage an uncursed -1 ring of increase damage an uncursed +1 ring of protection an uncursed ring of regeneration an uncursed ring of slow digestion a cursed ring of teleportation an uncursed wand of cold (0:1) an uncursed wand of create monster (0:13) an uncursed wand of create monster (0:12) an uncursed wand of create monster (0:8) an uncursed wand of digging (0:8) an uncursed wand of digging (0:7) an uncursed wand of digging (0:3) an uncursed wand of digging (0:1) a cursed wand of digging (0:8) an uncursed wand of fire (0:0) an uncursed wand of magic missile (0:8) an uncursed wand of magic missile (0:6) an uncursed wand of magic missile (0:2) an uncursed wand of probing (0:2) an uncursed wand of secret door detection (0:2) an uncursed wand of sleep (0:4) an uncursed wand of slow monster (0:7) an uncursed wand of speed monster (0:4) an uncursed wand of striking (0:8) an uncursed wand of striking (0:4) an uncursed wand of teleportation (0:6) an uncursed wand of teleportation (0:5) an uncursed wand of undead turning (0:6) an uncursed wand of wishing (0:2) an empty uncursed paper sack an uncursed magic harp (0:2) an uncursed expensive camera (0:78) an uncursed magic marker (1:50) an uncursed magic marker (0:6) an uncursed magic whistle an uncursed +0 copper pick-axe an uncursed mithril skeleton key a blessed tinning kit (0:63) an uncursed +0 unicorn horn 5 uncursed wax candles an uncursed touchstone Raisse the Wizard's attributes: Background: You were a Sorceress, a level 20 female gnomish Wizard. You were neutral, on a mission for Thoth who was opposed by Ptah (lawful) and Anhur (chaotic). You were bisexual. You were in the Dungeons of Doom, on level 27. You entered the dungeon 40658 turns ago. You had 119977 experience points, 22023 more were needed for level 21. Basics: You had all 211 hit points. You had all 226 energy points (spell power). Your armor class was -32. Your wallet was empty. Autopickup was on for '$!?/"=+' plus thrown, with exceptions. Final Characteristics: Your strength was 18/31 (limit:18/50). Your dexterity was 19 (base:15, peak:17, innate limit:18). Your constitution was 18 (limit:18). Your intelligence was 19 (limit:19). Your wisdom was 17 (limit:18). Your charisma was 15 (limit:18). Final Status: You were not hungry. You were unencumbered. You were wielding a dagger. You had expert skill with dagger. Final Attributes: You were piously aligned. You were magic-protected. You were fire resistant. You were cold resistant. You were sleep resistant. You were disintegration-resistant. You were shock resistant. You were poison resistant. You were telepathic. You were warned. You had infravision. You could teleport. You had teleport control. You could walk on water. You had a small damage bonus (+2). You had a moderate defense bonus (+9). You were protected. You took half spell damage. You were fast. You had reflection. You survived. Miscellaneous: You encountered 2 bones levels. Total elapsed playing time was 6 hours, 43 minutes and 28 seconds. Vanquished creatures: Medusa Croesus a glass golem a purple worm 5 phoenixes a gray dragon 2 silver dragons a white dragon 3 orange dragons 2 black dragons a blue dragon 2 green dragons 3 yellow dragons 3 minotaurs Anaraxis the Black 2 baluchitheria 2 displacer beasts 5 titanotheres 3 trappers a baby white dragon a guardian naga a genetic engineer 4 vampire leaders 3 liches 3 water trolls a nurse a mumak 2 lurkers above 2 frost giants an ettin a golden naga 3 black puddings 3 vampires 9 lieutenants 4 queen bees 2 winged gargoyles 4 giant mimics 3 orc-captains 2 long worms 6 zruties a fire giant 2 ogre tyrants an elven monarch 4 ice trolls a rock troll an umber hulk a mind flayer 2 large mimics a wumpus 3 stalkers 2 air elementals 2 fire elementals 2 earth elementals 7 hill giants 2 giant mummies 2 black nagas an elf-noble 12 xorns 5 giant zombies 19 sergeants 2 barbed devils 2 vrocks 5 wargs 2 winter wolves 7 small mimics 6 xans 2 ettin mummies an ogre leader 19 trolls 2 quantum mechanics 2 sasquatches an erinys 4 sharks 2 gelatinous cubes 2 pyrolisks a large dog 3 freezing spheres 2 flaming spheres a shocking sphere a large cat 6 tigers 4 gargoyles 10 tengu 3 ochre jellies a leocrotta 2 energy vortices 3 mountain centaurs 3 stone giants 2 elf mummies a human mummy 2 red nagas 5 Grey-elves 4 pythons 2 pit vipers 2 cobras 12 wraiths 3 carnivorous apes 7 ettin zombies a leather golem 97 soldiers 2 amorous demons 4 chameleons a crocodile 7 giant beetles 3 quivering blobs 10 cockatrices 9 wolves 8 winter wolf cubs a panther a gremlin 3 spotted jellies 33 leprechauns 3 mountain nymphs an iron piercer 6 giant spiders a scorpion 2 horses 2 black lights 48 vampire bats 5 forest centaurs 2 gnome rulers 3 orc mummies a dwarf mummy 3 ogres 4 brown puddings 6 Green-elves 8 rust monsters 7 owlbears 3 yetis 2 gold golems a werewolf 14 giant eels 11 lizards 4 chickatrices 6 dingoes 3 dogs 2 housecats 3 jaguars a dwarf leader 2 blue jellies 2 water nymphs a white unicorn 4 dust vortices 17 ravens 8 plains centaurs 2 gnome mummies 5 Woodland-elves 7 snakes 6 water moccasins 26 ghosts 3 apes 4 human zombies 2 rope golems 6 soldier ants 3 fire ants 12 imps 9 quasits 8 wood nymphs 18 bugbears 16 Mordor orcs 6 Uruk-hai 4 orc shamans 8 rock piercers 8 rock moles 3 ponies 4 fog clouds 11 yellow lights 5 shriekers 5 violet fungi 3 black molds 5 gnome leaders 2 gnomish wizards a kobold mummy 5 gray oozes a barrow wight 4 elf zombies 3 ghouls a straw golem a paper golem 3 jellyfish 8 giant ants a little dog 17 floating eyes 3 kittens 6 dwarves 13 homunculi 3 kobold leaders 11 hill orcs 15 rothes 3 rabid rats 4 centipedes 15 giant bats 9 orc zombies 4 dwarf zombies a wererat 5 werejackals 12 iguanas 56 killer bees 10 acid blobs 3 coyotes 2 gas spores 12 hobbits 12 manes 3 large kobolds 22 hobgoblins 4 giant rats a cave spider 4 brown molds 5 yellow molds a green mold 5 red molds 14 gnomes 5 garter snakes 8 gnome zombies 14 geckos 12 jackals 2 foxes 2 kobolds 9 goblins 4 sewer rats 6 grid bugs 5 bats 13 lichens 9 kobold zombies 13 newts 1269 creatures vanquished. No species were genocided or became extinct. Voluntary challenges: You read items or engraved 128 times. You never genocided any monsters. You never polymorphed an object. You never changed form. You used 1 wish. You did not wish for any artifacts. You never generated conflict. You did not violate any of the special Sokoban rules. Achievements: You entered a shop. You attained the rank of Conjurer. You entered the Gnomish Mines. You entered Minetown. You entered a temple. You attained the rank of Thaumaturge. You entered Sokoban. You completed Sokoban. You attained the rank of Magician. You completed the Gnomish Mines. You entered the Big Room. You attained the rank of Enchantress. You handled the Bell of Opening. You attained the rank of Sorceress. You defeated Medusa. You entered Gehennom. The Dungeons of Doom: levels 1 to 27 Level 1: Level 2: A general store, a fountain. Stairs down to The Gnomish Mines. Level 3: A delicatessen, a fountain. Level 4: Level 5: A fountain, a tree. Level 6: Level 7: A fountain. Oracle of Delphi. Level 8: Stairs up to Sokoban, level 7. Level 9: A fountain. Level 10: Some fountains, some trees. Level 11: Level 12: A sink, some graves. Final resting place for SamG-Arc-Hum-Fem-Neu, killed by a warhorse, Raisse-Wiz-Gno-Fem-Neu, killed by a troll. Level 13: A grave. Level 14: Many trees. A very big room. Portal to The Quest. Level 15: A fountain, some graves. Level 16: Level 17: A fountain. Portal to Fort Ludios. Level 18: Level 19: A sink, a grave, a tree. Level 20: A grave. Level 21: A temple, many fountains. Level 22: An altar to Thoth. Level 23: Level 24: Level 25: Level 26: Level 27: <- You were here. A fountain. The castle. Connection to Gehennom. Gehennom: Level 28: The Gnomish Mines: levels 3 to 11 Level 3: "spb" Level 4: Level 5: Level 6: Many shops, a temple to Thoth, some fountains, some trees. Level 7: A grave. Final resting place for nmlkj-Wiz-Hum-Mal-Cha, killed by a poisonous corpse. Level 8: Level 9: Level 10: Level 11: A fountain. The Quest: levels 1 to 6 Level 1: A throne. Completed quest for Neferet the Green. Level 2: Level 3: Level 4: Level 5: Level 6: A temple to Thoth. Sokoban: levels 7 up to 4 Level 4: Solved. Level 5: Solved. Level 6: Solved. Level 7: Solved. Fort Ludios: Level 1: Goodbye Raisse the Wizard... You quit in The Dungeons of Doom on dungeon level 27 with 461148 points, and 1686 pieces of gold, after 40658 moves. You were level 20 with a maximum of 211 hit points when you quit.